 Dungeon Crawl Stone Soup version 0.28-a0-957-g42eb19b844 (webtiles) character file.

Game seed: 14162124254489813064

3 cheechan the Bolt Thrower (level 1, -2/11 (14) HPs)
             Began as an Octopode Hunter on Nov 30, 2021.
             Slain by a goblin (5 damage)
             ... on level 2 of the Dungeon.
             The game lasted 00:01:06 (276 turns).

cheechan the Bolt Thrower (Octopode Hunter)          Turns: 276, Time: 00:01:07

HP:   -2/11 (14)    AC:  1    Str: 11    XL:     1   Next: 50%
MP:   1/1           EV: 10    Int: 13    God:
Gold: 32            SH:  6    Dex: 12    Spells: 0/0 levels left

rFire   . . .      SeeInvis .   a - +1 hand crossbow
rCold   . . .      Faith    .   d - +0 kite shield
rNeg    . . .      Spirit   .   (helmet restricted)
rPois   .          Reflect  .   (no amulet)
rElec   .          Harm     .   (no ring)
rCorr   .          Rampage  .   (no ring)
Will    .....                   (no ring)
Stlth   +++.......              (no ring)
HPRegen 0.03/turn               (no ring)
MPRegen 0.07/turn               (no ring)
                                (no ring)
                                (no ring)

@: heavily drained
A: almost no armour, amphibious, 8 rings, camouflage 1, gelatinous body 1,
(nimble swimmer 1), tentacles
a: no special abilities


You were on level 2 of the Dungeon.
You visited 1 branch of the dungeon, and saw 2 of its levels.

You collected 32 gold pieces.

Inventory:

Hand Weapons
 a - a +1 hand crossbow (weapon)
 b - a +0 short sword
Missiles
 c - 15 bolts (quivered ammo)
Armour
 d - a +0 kite shield (worn)
Scrolls
 g - a scroll of identify {unknown}
Potions
 e - a potion of attraction {unknown}
 f - a potion of heal wounds {unknown}


   Skills:
 + Level 2.0 Fighting
 + Level 4.1 Crossbows
 + Level 2.0 Dodging
 + Level 1.3 Stealth


You couldn't memorise any spells.
You didn't know any spells.
Your spell library was empty.

Dungeon Overview and Level Annotations

Branches:
Dungeon (1/15)

Altars:


Innate Abilities, Weirdness & Mutations

You cannot wear most types of armour.
You are amphibious.
You can wear up to eight rings at the same time.
Your skin changes colour to match your surroundings (Stealth+).
Your rubbery body absorbs attacks. (AC +1, EV +1)
((You are camouflaged near water. (Stealth+)))
You have tentacles for arms and can constrict up to eight enemies at once.


Message History

Found 14 stones.
A kobold comes into view.
It is wielding a +0 short sword. 2 rats come into view.
Found 7 gold pieces.
You fall into a shaft and drop 1 floor!
The shaft crumbles and collapses.
A goblin comes into view. It is wielding a +1 dagger of draining.
Found 23 stones.
Unknown command.
Fire: 19 bolts
Press: ? - help, Shift-Dir - straight line, f - goblin
Aim: a goblin, wielding a +1 dagger of draining (asleep, 98% to hit)
You shoot a bolt. The bolt hits the goblin.
The goblin shouts!
The goblin is heavily wounded.
The goblin barely misses you.
Fire: 18 bolts
Press: ? - help, Shift-Dir - straight line, f/p - goblin
Aim: a goblin, wielding a +1 dagger of draining (heavily wounded, 59% to hit)
You shoot a bolt. The bolt hits the goblin.
The goblin is almost dead.
The goblin hits you with a +1 dagger of draining.
You feel drained.
The goblin hits you with a +1 dagger of draining.
You feel drained.
Fire: 17 bolts
Press: ? - help, Shift-Dir - straight line, f/p - goblin
Aim: a goblin, wielding a +1 dagger of draining (almost dead, 58% to hit)
You shoot a bolt. The bolt barely misses the goblin.
The goblin hits you with a +1 dagger of draining.
* * * LOW HITPOINT WARNING * * *
You feel drained.
Unknown command.
Fire: 16 bolts
Press: ? - help, Shift-Dir - straight line, f/p - goblin
Aim: a goblin, wielding a +1 dagger of draining (almost dead, 59% to hit)
You shoot a bolt. The bolt closely misses the goblin.
The goblin closely misses you.
The goblin hits you with a +1 dagger of draining.
You die...

#######
###.....
#....(.#
#.....@#
#.....g#
+......#
#......#
#.....(#
########


You could see a goblin.

Vanquished Creatures
  A ball python (D:1)
  A bat (D:1)
  A goblin (D:1)
3 creatures vanquished.

Notes
Turn   | Place    | Note
-------+----------+-------------------------------------------
     0 | D:1      | cheechan the Octopode Hunter began the quest for the Orb.
     0 | D:1      | Reached XP level 1. HP: 14/14 MP: 1/1
    85 | D:1      | Found a faded altar of an unknown god.
   272 | D:1      | You fall into a shaft and drop 1 floor!
   276 | D:2      | Slain by a goblin

Illustrated notes

Levels and vault maps discovered:
D:1:      scummos_arrival_gate, layout_basic,
          dilly_ecumenical_altar_fadedgnrine, nicolae_grassy_gnolls
D:2:      layout_basic, serial_shops, shop, basic_altar,
          hangedman_decor_clover_reticule, uniq_sigmund

Action                   || total
-------------------------++-------
 Fire: Hand crossbow     ||     8
Armor: Skin              ||     2
Dodge: Dodged            ||     3

Table legend: (Time is in decaauts)
 A = Elapsed time spent in this place.
 B = Non-inter-level travel time spent in this place.
 C = Inter-level travel time spent in this place.
 D = Time resting spent in this place.
 E = Time spent auto-exploring this place.
 F = Levels seen in this place.
 G = Mean time per level.
                   A        B        C        D        E       F      G
               +--------+--------+--------+--------+--------+-----+--------+
         Total |    279 |    279 |      0 |      0 |      0 |   2 |  139.5 |
       Dungeon |    279 |    279 |      0 |      0 |      0 |   2 |  139.5 |
               +--------+--------+--------+--------+--------+-----+--------+

Top non-repeatable levels by time:
     D:1: 274 daAuts
     D:2: 5 daAuts
